 Dungeon Crawl Stone Soup version 0.30-a0-743-gbfdf073431 (webtiles) character file.

Game seed: 11077829331245368759

262 Bnni the Shooter (level 5, -7/32 HPs)
             Began as a Deep Elf Hunter on Feb 6, 2023.
             Mangled by a gnoll bouda
             ... wielding a +0 whip
              (11 damage)
             ... on level 4 of the Dungeon.
             The game lasted 00:03:56 (3032 turns).

Bnni the Shooter (Deep Elf Hunter)                  Turns: 3032, Time: 00:03:57

Health: -7/32      AC:  3    Str:  8    XL:     5   Next: 97%
Magic:  7/7        EV: 12    Int: 14    God:
Gold:   220        SH:  0    Dex: 20    Spells: 4/4 levels left

rFire   . . .      SeeInvis .    y - +11 Singing Sword {sonic wave}
rCold   . . .      Faith    +    (no shield)
rNeg    + . .      Spirit   .    c - +0 leather armour
rPois   .          Reflect  .    (no helmet)
rElec   .          Harm     .    (no cloak)
rCorr   .          Rampage  .    (no gloves)
Will    .....                    (no boots)
Stlth   ++                       u - amulet of faith
HPRegen 0.25/turn                p - ring of positive energy
MPRegen 0.10/turn                (no ring)

@: weakened
A: no striking features
a: no special abilities


You were on level 4 of the Dungeon.
You visited 1 branch of the dungeon, and saw 4 of its levels.

You collected 220 gold pieces.

Inventory:

Hand Weapons
 a - a +0 shortbow
 l - a +1 dagger of venom
 y - the +11 Singing Sword (weapon) {sonic wave}
   (You found it on level 3 of the Dungeon)
Armour
 c - a +0 leather armour (worn)
Jewellery
 p - a ring of positive energy (left hand)
 u - an amulet of faith (around neck)
Scrolls
 b - 2 scrolls of immolation
 e - a scroll of enchant armour {unknown}
 f - a scroll of enchant weapon {unknown}
 j - a scroll of noise
 m - a scroll of fear {unknown}
 o - a scroll of amnesia {unknown}
 q - a scroll of vulnerability {unknown}
 s - a scroll of silence {unknown}
 t - a scroll of butterflies {unknown}
 w - a scroll of teleportation {unknown}
 x - 2 scrolls of identify {unknown}
Potions
 g - a potion of brilliance {unknown}
 h - a potion of curing
 i - 2 potions of lignification {unknown}
 k - a potion of mutation {unknown}
 n - a potion of attraction {unknown}
 r - a potion of flight {unknown}
 v - a potion of cancellation {unknown}


   Skills:
 + Level 3.1 Fighting
 * Level 1.7 Long Blades
 - Level 7.9 Ranged Weapons
 - Level 2.4 Dodging
 - Level 1.2 Stealth


You had 4 spell levels left.
You didn't know any spells.
Your spell library was empty.

Dungeon Overview and Level Annotations

Branches:
Dungeon (4/15)
 Temple: D:4-7

Altars:
Ashenzari
Nemelex Xobeh
Trog
Yredelemnul


Message History

The gnoll bouda hits you with a +0 whip.
You barely miss the gnoll bouda.
The gnoll bouda shouts!
You hear a shout!
The gnoll bouda hits you with a +0 whip!
A hobgoblin comes into view.
The gnoll bouda barks out a call to the hunt!
The gnolls pick up the pace!
You barely miss the gnoll bouda.
The gnoll bouda hits you but does no damage.
A gnoll comes into view. It is wielding a +0 halberd.
The gnoll barely misses you.
The gnoll bouda barks out a call to the hunt!
The gnolls pick up the pace!
The gnoll shouts!
You closely miss the gnoll bouda.
The gnoll bouda hits you with a +0 whip.
A gnoll comes into view. It is wielding a +0 halberd.
The gnoll barely misses you.
Okay, then.
Okay, then.
As you read the scroll labelled DIRECE VILASU, it crumbles to dust.
You hear a loud clanging noise!
It was a scroll of noise.
You hear a shout!
You hear a bark!
The gnoll bouda hits you with a +0 whip.
The gnoll completely misses you.
The air fills with toxic fumes!
As you read the scroll labelled RIFEUGH ONWOYX, it crumbles to dust.
It was a scroll of poison.
The gnoll bouda completely misses you.
The gnoll bouda gazes fiercely through you!
You feel your attacks grow feeble. The gnoll hits you but does no damage.
The gnoll hits you with a +0 club. The gnoll blocks your attack.
The gnoll bouda closely misses you. The gnoll closely misses you.
The gnoll hits you with a +0 club.
* * * LOW HITPOINT WARNING * * *
The gnoll hits you with a +0 club.
* * * LOW HITPOINT WARNING * * *
The gnoll bouda misses you.
The gnoll bouda hits you with a +0 whip!
You die...

#..........#..#..
#§#######§.........#'##..
.§§§§§§§§§†..)####.......
.§§§§§§§§##'###..#.......
.§§§§§§§§#...#...#.......
.§§§§§§§§#...'...#.......
.§§§§§§§§#...#...#.......
.§§§§§§§g######).#.......
#####'#§@g§§§##).#....##'
...#ggg§§§#...#....#..
.....#§§§§§§#...# ....
§§§§§§§#)..# ###
###§g§§g##### ##§§§§§§ ##
#§##g§§ .. §§ §§§ .. ..


You could see 2 gnoll boudas, 5 gnolls and a hobgoblin.

Vanquished Creatures
  2 hounds
  2 gnolls (D:4)
  8 adders
  3 worms
  5 orcs (D:3)
  5 endoplasms
  9 giant cockroaches
  8 goblins
  12 hobgoblins
  7 jackals
  6 kobolds
  2 quokkas
  5 ball pythons
  6 bats
  4 frilled lizards
  13 rats
97 creatures vanquished.

Notes
Turn   | Place    | Note
-------+----------+-------------------------------------------
     0 | D:1      | Bnni the Deep Elf Hunter began the quest for the Orb.
     0 | D:1      | Reached XP level 1. HP: 12/12 MP: 3/3
    84 | D:1      | Reached XP level 2. HP: 17/17 MP: 4/4
   187 | D:1      | Reached skill level 6 in Ranged Weapons
   609 | D:2      | Reached XP level 3. HP: 21/21 MP: 5/5
  1430 | D:2      | Found a broken altar of Ashenzari.
  1568 | D:2      | Reached XP level 4. HP: 27/27 MP: 6/6
  1831 | D:3      | Reached skill level 7 in Ranged Weapons
  1983 | D:3      | Found a sparkling altar of Nemelex Xobeh.
  2028 | D:3      | Reached XP level 5. HP: 22/31 MP: 7/7
  2064 | D:3      | Found a basalt altar of Yredelemnul.
  2548 | D:3      | Noticed a moth of wrath
  2551 | D:3      | Found a bloodstained altar of Trog.
  2589 | D:3      | Found the +11 Singing Sword {sonic wave}
  2878 | D:4      | Reached skill level 1 in Long Blades
  3032 | D:4      | Mangled by a gnoll bouda

Illustrated notes

Levels and vault maps discovered:
D:1:      eino_arrival_water_star, layout_basic, serial_park_tiny_pond,
          chequers_serial_rivers_micro_a
D:2:      layout_basic, basic_altar, st_stairs_8, nicolae_figureground_pulse
D:3:      minmay_roachtagon, layout_loops_corners, mainiacjoe_overflow_brackets,
          yredelemnul_altar_generic, tgw_trog,
          amcnicky_mini_rare_corridor_liquid
D:4:      layout_gridville, jmf_multi_god_temple

Skill      XL: |  1  2  3  4  5 |
---------------+----------------+-----
Ranged Weapons | 6 7 |  7.9
Fighting       | 2 3 |  3.1
Long Blades    | 1 |  1.7
Dodging        | |  2.4
Stealth        | |  1.2

Action                     |  1- 3 |  4- 6 || total
---------------------------+-------+-------++-------
  Melee: Double sword      |       |    27 ||    27
   Fire: Shortbow          |   106 |    92 ||   198
    Use: Scroll            |       |     2 ||     2
         Potion            |       |     2 ||     2
 Armour: Leather armour    |    12 |    10 ||    22
  Dodge: Dodged            |    48 |    47 ||    95

Table legend: (Time is in decaauts)
 A = Elapsed time spent in this place.
 B = Non-inter-level travel time spent in this place.
 C = Inter-level travel time spent in this place.
 D = Time resting spent in this place.
 E = Time spent auto-exploring this place.
 F = Levels seen in this place.
 G = Mean time per level.
                   A        B        C        D        E       F      G
               +--------+--------+--------+--------+--------+-----+--------+
         Total |   3087 |   3008 |     79 |    306 |   2185 |   4 |  771.8 |
       Dungeon |   3087 |   3008 |     79 |    306 |   2185 |   4 |  771.8 |
               +--------+--------+--------+--------+--------+-----+--------+

Top non-repeatable levels by time:
     D:3: 1047 daAuts
     D:2: 848 daAuts
     D:1: 791 daAuts
     D:4: 400 daAuts
